Map: Apotheosis LE

Players

Cham - Winner!

  • Race: Zerg Zerg

ByRada

  • Race: Zerg Zerg
  • League: Grandmaster

Event: WCS Copa Intercontinental

VOD

Have the link to the VOD?

Description

Time

  • Played on: Sept. 9, 2016, 2:57 p.m.
  • Length: 7:02

All games in this series

Show
View Real Time Build Order
Export as new Build Order

Cham Zerg - Winner!

Build Orders: Hatch First 

Get SALT Encoding   

  12  0:00  Drone  
  13  0:08  Drone  
  14  0:16  Overlord  
  14  0:35  Drone x3  
  17  0:53  Hatchery  
  17  0:56  Drone  
  17  1:00  Drone  
  18  1:15  Spawning Pool  
  18  1:17  Drone  
  18  1:21  Drone  
  18  1:25  Extractor  
  18  1:29  Drone  
  19  1:39  Overlord  
  19  1:54  Drone  
  20  2:02  Queen  
  20  2:03  Zergling x2  
  20  2:04  Queen  
  20  2:05  Drone  
  26  2:12  Drone  
  27  2:24  Hatchery  
  27  2:28  Drone x2  
  28  2:36  Roach Warren  
  27  2:42  Drone x3  
  30  2:48  Drone x2  
  32  2:55  Drone  
  33  2:59  Extractor, Overlord  
  31  3:05  Drone  
  31  3:11  Drone x3  
  35  3:15  Overlord  
  35  3:21  Drone x2  
  35  3:23  Roach x2  
  41  3:30  Overlord  
  41  3:31  Roach  
  43  3:37  Roach  
  49  3:41  Roach x2  
  49  3:45  Roach x2  
  46  3:51  Roach  
  48  3:57  Roach  
  48  3:58  Roach  
  48  4:02  Roach  
  52  4:09  Roach  
  50  4:12  Drone x2  
  50  4:15  Roach  
  54  4:21  Roach  
  56  4:24  Drone  
  56  4:25  Drone  
  56  4:34  Roach x2  
  56  4:37  Roach  
  54  4:41  Roach  
  56  4:48  Drone x2  
  56  4:52  Roach  
  60  4:55  Drone x2  
  60  4:59  Metabolic Boost  
  62  5:05  Overlord  
  62  5:09  Roach  
  62  5:10  Queen  
  66  5:20  Overlord  
  66  5:22  Overlord  
  66  5:24  Queen  
  66  5:28  Roach x3  
  74  5:38  Queen  
  74  5:39  Roach  
  74  5:40  Zergling x6  
  74  5:41  Zergling x2  
  82  5:43  Zergling x2  
  82  5:45  Zergling x2  
  82  5:46  Zergling x2  
  82  5:49  Roach  
  87  5:53  Zergling x2  
  87  5:54  Zergling x2  
  87  5:56  Zergling x2  
  90  6:04  Overlord  
  90  6:08  Overlord  
  90  6:10  Overlord  
  90  6:16  Overlord  
  90  6:23  Zergling x6  
  90  6:24  Zergling x4  
  93  6:26  Zergling x2  
  93  6:30  Zergling x2  
  95  6:36  Roach, Zergling x4  
  98  6:41  Zergling x6  
Show
View Real Time Build Order
Export as new Build Order

ByRada Zerg 

Build Orders: Hatch First 

Get SALT Encoding   

  12  0:00  Drone  
  13  0:08  Drone  
  14  0:18  Overlord  
  14  0:22  Extractor  
  14  0:23  Drone  
  15  0:36  Drone x2  
  17  0:52  Hatchery  
  17  0:55  Drone  
  17  0:59  Drone  
  17  1:03  Extractor  
  17  1:15  Spawning Pool  
  17  1:18  Drone  
  17  1:21  Drone  
  18  1:26  Drone  
  19  1:38  Overlord  
  19  1:54  Drone  
  20  2:03  Zergling x2, Metabolic Boost  
  20  2:05  Queen x2  
  25  2:09  Drone  
  25  2:13  Drone  
  27  2:18  Drone  
  27  2:22  Drone  
  29  2:28  Baneling Nest  
  28  2:30  Drone  
  29  2:37  Overlord  
  29  2:40  Drone  
  30  2:54  Roach Warren  
  30  2:57  Zergling x2  
  30  2:58  Zergling x4  
  32  3:01  Zergling x2  
  33  3:08  Zergling x2  
  33  3:09  Zergling x2  
  35  3:14  Zergling x8  
  35  3:15  Zergling x4  
  42  3:20  Baneling x2  
  42  3:22  Zergling x2  
  42  3:25  Zergling x2  
  44  3:29  Overlord  
  44  3:39  Baneling x3  
  44  3:40  Baneling  
  44  3:43  Overlord  
  43  3:48  Zergling x2  
  43  3:49  Zergling x8  
  43  3:51  Drone x2  
  43  3:53  Baneling  
  50  4:02  Drone x4  
  48  4:10  Drone  
  49  4:20  Drone x3  
  49  4:21  Drone  
  52  4:25  Overlord  
  47  4:32  Overlord  
  47  4:35  Roach Warren, Extractor  
  47  4:36  Zergling x4  
  47  4:37  Zergling x4  
  47  4:48  Evolution Chamber  
  47  4:50  Hatchery  
  45  4:54  Drone  
  45  4:55  Drone  
  47  5:04  Drone x3  
  50  5:10  Overlord x2  
  50  5:18  Drone  
  51  5:22  Roach x4  
  51  5:25  Roach  
  61  5:30  Roach  
  61  5:35  Roach  
  65  5:40  Drone x3  
  67  5:43  Drone  
  67  5:44  Drone x2  
  67  5:46  Queen  
  72  5:50  Lair  
  72  5:55  Roach x2  
  76  5:58  Roach  
  76  6:04  Roach  
  80  6:07  Overlord  
  78  6:14  Roach x2  
  78  6:15  Roach x3  
  86  6:22  Zergling x2  
  86  6:23  Zergling x6  
  88  6:27  Zergling x2  
  88  6:28  Zergling x2  
  88  6:35  Roach x2  
  92  6:42  Roach  
  92  6:44  Zergling x2  
  92  6:45  Zergling x6  
Tags
 
Add a new tag
Caveats
  • Supply blocks, unpowered buildings, or Contaminate may cause inaccurate times.
  • Supply counts are checked every 10 seconds.